 Dungeon Crawl Stone Soup version 0.21.1-1-g345015f (webtiles) character file.

307 Mgcat the Sneak (level 6, -1/42 HPs)
             Began as an Octopode Transmuter on Mar 25, 2018.
             Was an Initiate of Okawaru.
             Slain by a bullfrog (6 damage)
             ... in a sewer.
             The game lasted 00:08:27 (2650 turns).

Mgcat the Sneak (Octopode Transmuter)               Turns: 2650, Time: 00:08:28

Health: -1/42      AC:  1    Str:  9    XL:     6   Next: 40%
Magic:  5/9        EV: 13    Int: 18    God:    Okawaru [......]
Gold:   168        SH:  0    Dex: 12    Spells: 3/9 levels left

rFire    . . .     SeeInvis .     - Unarmed
rCold    . . .     Gourm    .   (no shield)
rNeg     . . .     Faith    .   (helmet restricted)
rPois    .         Spirit   .   (no amulet)
rElec    .         Reflect  .   (no ring)
rCorr    .         Harm     .   (no ring)
MR       .....                  (no ring)
Stlth    +++++.....             (no ring)
HPRegen  0.14/turn              (no ring)
MPRegen  0.11/turn              (no ring)
                                (no ring)
                                (no ring)

@: drained
A: almost no armour, stealthy swim, amphibious, 8 rings, constrict 8, camouflage
1, gelatinous body 1
a: Renounce Religion


You were in a sewer.
You worshipped Okawaru.
Okawaru was noncommittal.
You were not hungry.

You visited 1 branch of the dungeon, and saw 4 of its levels.
You also visited: Sewer.

You collected 168 gold pieces.

Inventory:

Missiles
 a - 92 arrows
 f - 79 sling bullets
 j - 135 stones (quivered)
Wands
 i - a wand of iceblast (6)
   (You found it on level 3 of the Dungeon)
Scrolls
 h - 3 scrolls of teleportation
 p - a scroll of fog
Potions
 e - a potion of curing
 g - 2 potions of brilliance
 k - 2 potions of agility
 l - a potion of invisibility {unknown}
 m - a potion of degeneration {unknown}
 n - 2 potions of resistance {unknown}
 o - a potion of ambrosia {unknown}
Books
 b - a book of Changes
Comestibles
 c - 5 rations
 d - 6 chunks of flesh {@w0}


   Skills:
 + Level 3.6(3.3) Fighting
 - Level 2.0(1.7) Dodging
 + Level 4.9(4.6) Stealth
 + Level 4.6(4.3) Unarmed Combat
 - Level 2.0(1.7) Spellcasting
 - Level 2.0(1.7) Transmutations


You had 3 spell levels left.
You knew the following spells:

 Your Spells              Type           Power        Failure   Level  Hunger
a - Beastly Appendage     Tmut           #.....       10%         1    #......
b - Sticks to Snakes      Tmut           #.......     14%         2    ###....
c - Spider Form           Tmut/Pois      #.........   36%         3    ###....


Dungeon Overview and Level Annotations

Branches:
Dungeon (4/15)
 Temple: D:4-7

Altars:
Ashenzari
Cheibriados
Okawaru
Sif Muna


Innate Abilities, Weirdness & Mutations

You cannot wear most types of armour.
You are very stealthy in the water. (Stealth+)
You are amphibious.
You can wear up to eight rings at the same time.
You can use your tentacles to constrict eight enemies at once.
Your skin changes colour to match your surroundings (Stealth+).
Your rubbery body absorbs attacks. (AC +1, EV +1)


Message History

You barely miss the leopard gecko. You grab the leopard gecko.
You constrict the leopard gecko. The leopard gecko barely misses you.
You tentacle-slap the leopard gecko.
You kill the leopard gecko!
Okawaru accepts your kill.
The giant cockroach completely misses you.
You closely miss the giant cockroach. You grab the giant cockroach.
You pierce the giant cockroach.
You kill the giant cockroach!
Okawaru accepts your kill.
The helpless ball python fails to defend itself.
You tentacle-slap the ball python. You grab the ball python.
Your tentacle-slap misses the ball python.
You kill the ball python!
Okawaru accepts your kill.
Your transformation is almost over.
You see here a giant cockroach corpse.
You butcher the giant cockroach corpse.
d - a chunk of flesh {@w0} Your tentacle spike disappears.
A ball python comes into view.
The ball python moves out of view.
The ball python is too close now for your liking.
Casting: Beastly Appendage
Confirm with . or Enter, or press ? or * to list all spells.
One of your tentacles grows a vicious spike.
The ball python hisses angrily.
The ball python completely misses you. x2
You closely miss the ball python. You grab the ball python.
You kill the ball python!
Okawaru accepts your kill.
A ball python comes into view.
The ball python hisses angrily.
You see here a ball python corpse.
Your transformation is almost over.
The ball python misses you. The ball python closely misses you. x2
The ball python grabs you. The ball python constricts you.
You tentacle-slap the ball python.
You kill the ball python!
Okawaru accepts your kill.
You see here a ball python corpse.
You butcher the ball python corpse.
You hear a splash.
d - 5 chunks of flesh {@w0} (gained 4)
You see here a ball python skeleton.
You see here a ball python corpse.
You butcher the ball python corpse.
Your tentacle spike disappears.
d - 6 chunks of flesh {@w0} (gained 1)
Found a gate leading back out of this place. 2 bullfrogs come into view.
There are monsters nearby!
Casting: Beastly Appendage
Confirm with . or Enter, or press ? or * to list all spells.
One of your tentacles grows a vicious spike.
Your transformation is almost over.
The bullfrog gives a loud, deep croak!
You see here 25 gold pieces.
The bullfrog hits you!
You barely miss the bullfrog.
The bullfrog gives a loud, deep croak!
You grab the bullfrog. You constrict the bullfrog.
The bullfrog closely misses you. x2; The bullfrog completely misses you.
You tentacle-slap the bullfrog.
The bullfrog is lightly wounded.
You constrict the bullfrog. The bullfrog hits you!
The bullfrog barely misses you.
You tentacle-slap the bullfrog.
You pierce the bullfrog.
The bullfrog is heavily wounded.
You constrict the bullfrog. The bullfrog hits you.
The bullfrog closely misses you.
The bullfrog releases a deep croak.
The bullfrog misses you. The bullfrog hits you.
You completely miss the bullfrog.
You pierce the bullfrog.
The bullfrog is almost dead.
You constrict the bullfrog.
You kill the bullfrog!
Okawaru accepts your kill. The bullfrog hits you.
Casting: Beastly Appendage
Confirm with . or Enter, or press ? or * to list all spells.
You create a snake!
You now have 93 arrows.
The bullfrog hits you. x2
* * * LOW HITPOINT WARNING * * *
The bullfrog hits you.
* * * LOW HITPOINT WARNING * * *
You swap places.
The bullfrog hits your adder!
Your adder closely misses the bullfrog.
The bullfrog barely misses your adder.
Your adder misses the bullfrog. The bullfrog closely misses your adder.
Your adder barely misses the bullfrog.
Your tentacle spike disappears.
The bullfrog completely misses your adder.
Your adder bites the bullfrog.
The bullfrog hits your adder.
Your adder dies!
Casting: Sticks to Snakes
Confirm with . or Enter, or press ? or * to list all spells.
You create a snake!
You now have 92 arrows.
Your ball python bites the bullfrog.
Your ball python grabs the bullfrog.
Your ball python constricts the bullfrog.
The bullfrog hits you.
You die...

#≈≈≈≈≈≈≈≈≈≈≈≈≈≈≈
#≈≈∩.≈.≈≈≈≈≈≈≈≈≈.
##≈≈..≈..≈≈≈≈≈≈≈≈.#
#≈≈≈≈..≈.≈≈≈≈≈≈≈≈.#
#≈≈≈≈≈.≈.≈≈≈≈≈≈≈≈.# ###
#≈≈≈≈≈.%≈.≈≈≈≈≈≈≈.# #.#
#≈≈≈≈.%$[≈≈≈≈≈≈≈≈.# #∩#
#≈≈≈≈..$S≈≈≈≈≈≈≈≈.# #.#
#≈≈≈≈.≈.≈F@≈≈.≈≈≈.# #∩#
##≈≈≈≈≈≈≈≈≈≈≈.≈≈≈.# #.#
#≈≈≈≈≈≈≈≈≈≈≈.≈≈≈.# #.#
#≈≈≈≈≈≈≈≈≈÷≈.≈≈≈.###≈##
##≈≈≈≈≈≈≈≈≈#.≈≈≈.##...#
##≈≈≈≈≈≈≈≈#.≈≈≈.##≈≈≈#
##≈≈≈≈≈###.≈≈≈.##...#
####### #.≈≈≈.##≈≈.#
#.≈≈≈≈##≈≈≈#


You could see a bullfrog and a friendly ball python.

Vanquished Creatures
  A bullfrog (Sewer)
  2 orc wizards (D:3)
  Terence (D:3)
  3 gnolls (D:3)
  3 adders (D:2)
  4 dart slugs
  6 leopard geckos
  11 orcs (D:3)
  3 ball pythons (Sewer)
  5 bats
  10 giant cockroaches
  8 goblins
  8 hobgoblins
  2 jackals (D:1)
  2 frilled lizards
  7 kobolds
  6 rats
82 creatures vanquished.

Notes
Turn   | Place    | Note
-------+----------+-------------------------------------------
     0 | D:1      | Mgcat the Octopode Transmuter began the quest for the Orb.
     0 | D:1      | Reached XP level 1. HP: 13/13 MP: 3/3
    46 | D:1      | Reached skill level 1 in Stealth
    49 | D:1      | Reached XP level 2. HP: 18/18 MP: 3/5
   267 | D:1      | Reached XP level 3. HP: 21/24 MP: 4/6
   317 | D:1      | Reached skill level 2 in Stealth
   635 | D:1      | Learned a level 2 spell: Sticks to Snakes
   639 | D:1      | Learned a level 3 spell: Spider Form
   734 | D:2      | Reached skill level 2 in Fighting
   735 | D:2      | Found an iron altar of Okawaru.
   769 | D:2      | Became a worshipper of Warmaster Okawaru
   848 | D:2      | Found a shattered altar of Ashenzari.
   968 | D:2      | Reached XP level 4. HP: 26/29 MP: 7/7
  1049 | D:2      | Found a snail-covered altar of Cheibriados.
  1288 | D:2      | Reached skill level 3 in Stealth
  1548 | D:3      | Reached skill level 4 in Unarmed Combat
  1550 | D:3      | Reached XP level 5. HP: 13/35 MP: 5/8
  1835 | D:3      | Noticed Terence
  1847 | D:3      | Killed Terence
  1847 | D:3      | Reached skill level 3 in Fighting
  1847 | D:3      | Reached skill level 4 in Stealth
  2000 | D:3      | Found a deep blue altar of Sif Muna.
  2188 | D:3      | Reached XP level 6. HP: 29/42 MP: 7/9
  2542 | D:4      | Found a glowing drain.
  2561 | Sewer    | Entered a sewer
  2643 | Sewer    | HP: 10/42 [bullfrog (6)]
  2644 | Sewer    | HP: 4/42 [bullfrog (6)]
  2650 | Sewer    | Slain by a bullfrog

Skill      XL: |  1  2  3  4  5 |
---------------+----------------+-----
Stealth        | 1 2 3 4 |  4.9
Fighting       | 2 3 |  3.6
Unarmed Combat | 4 |  4.6
Dodging        | |  2.0
Spellcasting   | |  2.0
Transmutations | |  2.0

Action                   |  1- 3 |  4- 6 || total
-------------------------+-------+-------++-------
Melee: Unarmed           |    53 |    77 ||   130
       Constrict         |    27 |    39 ||    66
       Tentacles         |    10 |    24 ||    34
       Punch             |     1 |     4 ||     5
       Kick              |    16 |    30 ||    46
       Mace              |    23 |    29 ||    52
 Cast: Beastly Appendage |    21 |    26 ||    47
       Sticks to Snakes  |       |     2 ||     2
  Use: Scroll            |     6 |     4 ||    10
 Stab: Sleeping          |     8 |    12 ||    20
  Eat: Chunk             |     1 |     6 ||     7
Armor: Skin              |     9 |     2 ||    11
Dodge: Dodged            |    46 |    64 ||   110

Vault maps used:
D:1:      mrwooster_arrival_arrow, grunt_decor_one_mirror,
          minmay_misc_feat_plants, minmay_pentomino_u2
D:2:      ashenzari_altar_1, cheibriados_altar_1,
          nicolae_overflow_crystal_walls, kennysheep_generic_room_2
D:3:      old_standard_altar, first_ration, uniq_terence
D:4:      portal_sewer_entry_f
Sewer:    sewer_frog_island_01

Table legend:
 A = Turns spent in this place as a percentage of turns spent in the entire game.
 B = Non-inter-level travel turns spent in this place as a percentage of non-inter-level travel turns spent in the entire game.
 C = Inter-level travel turns spent in this place as a percentage of turns spent in this place.
 D = Turns resting spent in this place as a percentage of non-inter-level travel turns spent in this place.
 E = Turns spent auto-exploring this place as a percentage of non-inter-level travel turns spent in this place.
 F = Non-inter-level travel turns spent in this place divided by the number of levels of this place that you've seen.
                   A       B       C       D       E      F
               +-------+-------+-------+-------+-------+----------------------
         Total | 100.0 | 100.0 |   4.5 |   0.0 |  75.1 | 506.0
       Dungeon |  96.6 |  96.5 |   4.7 |   0.0 |  77.0 | 610.2
         Sewer |   3.4 |   3.5 |   0.0 |   0.0 |  23.6 |  89.0
               +-------+-------+-------+-------+-------+----------------------

Table legend:
 A = Kills in this place as a percentage of kills in entire the game.
 B = Kills by you in this place as a percentage of kills by you in the entire game.
 C = Kills by friends in this place as a percentage of kills by friends in the entire game.
 D = Other kills in this place as a percentage of other kills in the entire game.
 E = Experience gained in this place as a percentage of experience gained in the entire game.
 F = Experience gained in this place divided by the number of levels of this place that you have seen.
                   A       B       C       D       E      F
               +-------+-------+-------+-------+-------+----------------------
         Total | 100.0 | 100.0 |   N/A |   N/A | 100.0 |  87.8
       Dungeon |  91.5 |  91.5 |   N/A |   N/A |  76.8 |  84.2
         Sewer |   8.5 |   8.5 |   N/A |   N/A |  23.2 | 102.0
               +-------+-------+-------+-------+-------+----------------------
